 Dungeon Crawl Stone Soup version 0.31.0-1-g2c135a0 (webtiles) character file.

Game seed: 4527630581664274173

18661 grimble31 the Fencer (level 12, 0/118 HPs)
             Began as a Minotaur Berserker on Apr 1, 2024.
             Was a Priest of Trog.
             Slain by a black mamba (3 damage)
             ... while petrified by a basilisk
             ... on level 2 of the Lair of Beasts.
             The game lasted 01:01:40 (9917 turns).

grimble31 the Fencer (Minotaur Berserker)           Turns: 9917, Time: 01:01:40

Health: 0/118      AC: 30    Str: 34    XL:     12   Next: 29%
Magic:  0/11       EV:  2    Int:  4    God:    Trog [***...]
Gold:   719        SH:  0    Dex:  9    Spells: 11/11 levels left

rFire   . . .        B - +3 scimitar (flame)
rCold   . . .        (no shield)
rNeg    + + +        F - +18 Lear's hauberk
rPois   ∞            (helmet currently unavailable)
rElec   .            (no cloak)
rCorr   .            (gloves currently unavailable)
SInv    +            (boots currently unavailable)
Will    ++...        E - amulet of guardian spirit Stlth
                     a - +6 ring of strength
HPRegen 1.39/turn    t - ring of see invisible
MPRegen 0.12/turn

%: guardian spirit
@: petrified, strong-willed, on berserk cooldown, regenerating, hasted and
slowed, studying Fighting
A: horns 2, retaliatory headbutt
a: Renounce Religion, Berserk, Trog's Hand


You were on level 2 of the Lair of Beasts.
You worshipped Trog.
Trog was most pleased with you.
You visited 3 branches of the dungeon, and saw 13 of its levels.

You collected 719 gold pieces.

Inventory:

Hand Weapons
 B - a +3 scimitar of flaming (weapon)
Missiles
 n - 19 boomerangs (quivered)
Armour
 F - the +18 Lear's hauberk (worn)
   (You found it on level 9 of the Dungeon)
Jewellery
 a - a +6 ring of strength (left hand)
 t - a ring of see invisible (right hand)
 y - a ring of ice
 E - an amulet of guardian spirit (around neck)
 G - a +4 ring of slaying
Wands
 u - a wand of flame (13)
 v - a wand of iceblast (1)
Scrolls
 e - 2 scrolls of fog
 i - a scroll of brand weapon {unknown}
 j - 2 scrolls of immolation {unknown}
 k - 2 scrolls of fear {unknown}
 o - a scroll of summoning {unknown}
 p - a scroll of silence {unknown}
 r - 6 scrolls of teleportation
 s - 3 scrolls of amnesia {unknown}
 w - 3 scrolls of noise {unknown}
 D - a scroll of revelation {unknown}
 I - a scroll of identify
Potions
 b - 3 potions of degeneration {unknown}
 c - a potion of berserk rage
 d - 3 potions of brilliance {unknown}
 f - 3 potions of ambrosia {unknown}
 g - a potion of attraction {unknown}
 h - 2 potions of haste
 l - a potion of cancellation {unknown}
 m - a potion of resistance {unknown}
 q - 5 potions of enlightenment {unknown}
 x - 2 potions of mutation {unknown}
 z - 6 potions of curing {unknown}
 A - 3 potions of lignification {unknown}
 C - 3 potions of heal wounds {unknown}
 H - a potion of might {unknown}


   Skills:
 + Level 14.3 Fighting
 + Level 15.4 Long Blades
 + Level 13.1 Armour
 + Level 7.4 Dodging


You had 11 spell levels left.
You didn't know any spells.
Your spell library contained the following spells:

 Spells                   Type           Power      Damage    Failure   Level
 Freeze                   Ice            0%         1d3       83%         1
 Sandblast                Erth           0%         2d4       83%         1
 Slow                     Hex            0%         N/A       83%         1
 Call Imp                 Summ           0%         N/A       92%         2
 Mercury Vapours          Alch/Air       0%         N/A       92%         2
 Sublimation of Blood     Necr           0%         N/A       92%         2
 Call Canine Familiar     Summ           0%         N/A       99%         3
 Confusing Touch          Hex            0%         N/A       99%         3
 Fugue of the Fallen      Necr           0%         N/A       99%         3
 Hailstorm                Conj/Ice       0%         3d5       99%         3
 Mephitic Cloud           Conj/Alch/Air  0%         N/A       99%         3
 Ozocubu's Armour         Ice            0%         N/A       99%         3
 Passwall                 Erth           0%         N/A       99%         3
 Sigil of Binding         Hex            0%         N/A       99%         3
 Stone Arrow              Conj/Erth      0%         3d7       99%         3
 Vampiric Draining        Necr           0%         2d6       99%         3
 Volatile Blastmotes      Fire/Tloc      0%         2d10      99%         3
 Brom's Barrelling Bould  Conj/Erth      0%         2d3       100%        4
 Cause Fear               Hex            0%         N/A       100%        4
 Dimensional Bullseye     Hex/Tloc       0%         N/A       100%        4
 Fulminant Prism          Conj/Alch      0%         3d5       100%        4
 Iskenderun's Mystic Bla  Conj/Tloc      0%         2d3       100%        4
 Manifold Assault         Tloc           0%         N/A       100%        4
 Fireball                 Conj/Fire      0%         3d3       100%        5
 Freezing Cloud           Conj/Ice/Air   0%         6-21      100%        5
 Ozocubu's Refrigeration  Ice            0%         4d7       100%        7
 Summon Hydra             Summ           0%         N/A       100%        7
 Dragon's Call            Summ           0%         N/A       100%        9
 Polar Vortex             Ice            0%         N/A       100%        9


Dungeon Overview and Level Annotations

Branches:
Dungeon (10/15)            Temple (1/1) D:7            Lair (2/5) D:10
  Swamp (0/4) Lair:2          Orc (0/2) D:9
  Snake: Lair:2-3    Spider: Lair:2-3

Altars:
Ashenzari
Cheibriados
Dithmenos
Elyvilon
Fedhas
Gozag
Hepliaklqana
Kikubaaqudgha
Makhleb
Nemelex Xobeh
Okawaru
Qazlal
Ru
Sif Muna
Trog
Uskayaw
Vehumet
Wu Jian
Xom
Yredelemnul
Zin
The Shining One


Innate Abilities, Weirdness & Mutations

You have a pair of horns on your head.
You reflexively headbutt those who attack you in melee.


Message History

The elephant trunk-slaps you but does no damage.
The elephant tramples you but does no damage.
The elephant trunk-slaps you but does no damage.
The elephant tramples you but does no damage.
The elephant trunk-slaps you but does no damage.
The black mamba bites you!
* * * LOW HITPOINT WARNING * * *
The bullfrog hits you but does no damage.
The black mamba bites you!
* * * LOW HITPOINT WARNING * * *
The bullfrog hits you but does no damage.
The elephant tramples you but does no damage.
The elephant trunk-slaps you but does no damage.
The basilisk barely misses you.
The elephant tramples you but does no damage.
The elephant trunk-slaps you but does no damage.
The elephant tramples you!
* * * LOW HITPOINT WARNING * * *
You hold your ground!
The elephant trunk-slaps you but does no damage.
The elephant tramples you but does no damage.
The elephant trunk-slaps you but does no damage.
The black mamba bites you but does no damage.
The bullfrog hits you but does no damage.
The black mamba bites you but does no damage.
The elephant tramples you but does no damage.
The elephant trunk-slaps you. The basilisk gazes at you.
You resist with almost no effort. The elephant tramples you.
You hold your ground!
The elephant trunk-slaps you but does no damage.
The elephant tramples you but does no damage.
The elephant trunk-slaps you but does no damage.
The elephant tramples you!
* * * LOW HITPOINT WARNING * * *
You hold your ground!
The elephant trunk-slaps you but does no damage.
The bullfrog hits you but does no damage.
The black mamba bites you.
You die...

##§§§§§.§....#
#P...§§§.....#
##..§.......##
##..........#
#..#..(....##
#.##........#
##.#..<.........
#..##SY.........
#...l@YY........
#...FYY.........
..................
.................
...............[.
.................
..........!......
................


You could see 5 elephants, a black mamba, a basilisk and a bullfrog.

Vanquished Creatures
  Fannar (Lair:2)
  The ghost of Endbringerleviathan the Arsonist, a journeyman NaFE of Gozag (D:9)
  Erica (Lair:1)
  A two-headed ogre (D:9)
  A skyshark (Lair:1)
  Pikel (D:7)
  A deep elf pyromancer (D:10)
  A manticore (D:9)
  An elephant (Lair:2)
  2 cane toads (Lair:1)
  A rime drake (D:10)
  An unseen horror (D:10)
  Psyche (D:10)
  Grinder (D:3)
  2 polar bears (D:10)
  9 blink frogs (Lair:1)
  A vampire (D:9)
  3 wyverns
  A basilisk (Lair:1)
  Eustachio (D:6)
  Grum (D:9)
  A steam dragon (D:10)
  16 yaks (Lair:1)
  An acid dragon (D:10)
  5 water moccasins
  6 orc warriors
  A sky beast (D:6)
  5 ice beasts
  An ogre (D:4)
  15 wolves
  3 centaurs
  A lemure (D:7)
  2 phantoms
  A kobold brigand (D:10)
  10 bullfrogs
  A gnoll sergeant (D:10)
  A scorpion (D:5)
  5 wights (D:8)
  18 killer bees
  3 howler monkeys
  2 bombardier beetles
  6 hounds
  3 orc priests
  A jelly (D:4)
  2 sleepcaps
  6 iguanas
  2 orc wizards
  4 gnolls (D:10)
  6 adders
  A shadow imp (D:7)
  A white imp (D:5)
  A ribbon worm (D:2)
  2 dart slugs
  27 orcs
  9 ball pythons
  7 bats
  7 endoplasms
  10 giant cockroaches
  9 goblins
  7 hobgoblins
  17 kobolds
  7 quokkas
  4 frilled lizards
  6 rats
276 creatures vanquished.

Vanquished Creatures (collateral kills)
  A hydra (Lair:2)
  A will-o-the-wisp (Lair:2)
2 creatures vanquished.

Vanquished Creatures (others)
  2 foxfires (Lair:2)
2 creatures vanquished.

Grand Total: 280 creatures vanquished

Notes
Turn   | Place    | Note
-------+----------+-------------------------------------------
     0 | D:1      | grimble31 the Minotaur Berserker began the quest for the
                  | Orb.
     0 | D:1      | Reached XP level 1. HP: 19/19 MP: 0/0
   122 | D:1      | Reached XP level 2. HP: 27/27 MP: 1/1
   129 | D:1      | Reached skill level 4 in Long Blades
   319 | D:1      | Reached XP level 3. HP: 33/33 MP: 2/2
   610 | D:1      | Reached ** piety under Trog
  1495 | D:3      | Reached XP level 4. HP: 41/41 MP: 3/3
  1636 | D:3      | Reached skill level 5 in Long Blades
  1658 | D:3      | Found a faded altar of an unknown god.
  1934 | D:3      | Reached XP level 5. HP: 47/47 MP: 4/4
  2000 | D:3      | Identified the ring of Zasmedy {AC+4 Str+3}
  2050 | D:3      | Noticed Grinder
  2063 | D:3      | Killed Grinder
  2064 | D:3      | Reached skill level 5 in Fighting
  2064 | D:3      | Reached skill level 6 in Long Blades
  2064 | D:3      | Reached XP level 6. HP: 46/56 MP: 5/5
  2242 | D:3      | Found an ancient bone altar of Kikubaaqudgha.
  2251 | D:3      | Found a white marble altar of Elyvilon.
  2254 | D:3      | Found a glowing golden altar of the Shining One.
  2561 | D:4      | Reached skill level 7 in Long Blades
  2590 | D:4      | Reached XP level 7. HP: 61/61 MP: 6/6
  2591 | D:4      | Reached skill level 5 in Armour
  2807 | D:5      | Entered Level 5 of the Dungeon
  3107 | D:5      | Reached skill level 8 in Long Blades
  3134 | D:5      | Got the Folio of Congelation
  3294 | D:5      | Found a glowing drain.
  3370 | D:5      | Reached XP level 8. HP: 70/70 MP: 7/7
  3400 | D:5      | Reached *** piety under Trog
  3404 | D:5      | Found a shimmering altar of Xom.
  4045 | D:6      | Reached skill level 9 in Long Blades
  4349 | D:6      | Noticed Eustachio
  4370 | D:6      | Killed Eustachio
  4371 | D:6      | Reached skill level 10 in Long Blades
  4693 | D:7      | Reached XP level 9. HP: 79/79 MP: 8/8
  4693 | D:7      | Found an ornate altar of the Wu Jian Council.
  4697 | D:7      | Found a burning altar of Makhleb.
  4698 | D:7      | Found an opulent altar of Gozag.
  4699 | D:7      | Found an iron altar of Okawaru.
  4760 | D:7      | Noticed Pikel
  4785 | D:7      | Killed Pikel
  4786 | D:7      | Reached skill level 5 in Dodging
  5109 | D:7      | Found a staircase to the Ecumenical Temple.
  5122 | D:7      | Reached skill level 11 in Long Blades
  5441 | Temple   | Entered the Ecumenical Temple
  5552 | D:7      | Found a bloodstained altar of Trog.
  6499 | D:9      | Found a stormy altar of Qazlal.
  6643 | D:9      | Reached XP level 10. HP: 82/88 MP: 7/9
  6661 | D:9      | Found a staircase to the Orcish Mines.
  6721 | D:9      | Found a large runed translucent door.
  6722 | D:9      | Found a large runed translucent door.
  6725 | D:9      | Noticed Endbringerleviathan's ghost (journeyman NaFE)
  6740 | D:9      | Killed Endbringerleviathan's ghost
  6741 | D:9      | Reached skill level 12 in Long Blades
  6741 | D:9      | Reached skill level 10 in Armour
  6830 | D:9      | Identified the ring of Xom's Flight of Fancy {rN+ Slay+4}
  6861 | D:9      | Noticed a manticore
  6861 | D:9      | Noticed a two-headed ogre
  6865 | D:9      | Killed a two-headed ogre
  6886 | D:9      | Killed a manticore
  7206 | D:9      | Found the +18 Lear's hauberk
  7442 | D:9      | Noticed Grum
  7460 | D:9      | Killed Grum
  7607 | D:10     | Entered Level 10 of the Dungeon
  7607 | D:10     | Noticed a deep elf pyromancer
  7616 | D:10     | Killed a deep elf pyromancer
  7617 | D:10     | Reached skill level 13 in Long Blades
  7669 | D:10     | Identified the +1 scale mail of Ennui {+Inv rC+}
  7845 | D:10     | Reached **** piety under Trog
  7981 | D:10     | Reached XP level 11. HP: 99/99 MP: 10/10
  8045 | D:10     | Reached skill level 10 in Fighting
  8123 | D:10     | Found a staircase to the Lair.
  8180 | D:10     | Noticed Psyche
  8194 | D:10     | Killed Psyche
  8458 | Lair:1   | Entered Level 1 of the Lair of Beasts
  8517 | Lair:1   | Noticed Erica
  8535 | Lair:1   | Killed Erica
  8536 | Lair:1   | Reached skill level 14 in Long Blades
  9042 | Lair:1   | Noticed a skyshark
  9060 | Lair:1   | Killed a skyshark
  9263 | Lair:1   | Reached skill level 15 in Long Blades
  9413 | Lair:1   | Reached XP level 12. HP: 115/115 MP: 9/11
  9805 | Lair:2   | Noticed Fannar
  9817 | Lair:2   | Killed Fannar
  9847 | Lair:2   | Found a staircase to the Swamp.
  9847 | Lair:2   | Noticed a seven-headed hydra
  9855 | Lair:2   | Killed a seven-headed hydra
  9915 | Lair:2   | HP: 4/118 [elephant (3)]
  9916 | Lair:2   | HP: 1/118 [elephant (4)]
  9917 | Lair:2   | Slain by a black mamba

Illustrated notes

Levels and vault maps discovered:
D:1:      eino_arrival_cavern_d, layout_rooms, minmay_tetromino_o4
D:2:      minmay_chambers_of_ones, layout_basic
D:3:      layout_basic, grunt_temple_overflow_diamond,
          shapermc_ecumenical_altar_pompeii, minmay_fractal_squares_diagonal_5,
          uniq_grinder
D:4:      layout_rooms, minmay_increasing_density
D:5:      nicolae_cairo_tiling_very_big, layout_loops_ring,
          mainiacjoe_overflow_concentric_impassable, gup_sewer_entry_glass
D:6:      layout_basic, uniq_eustachio
D:7:      layout_gridville, trog_book, mainiacjoe_overflow_alcove_3,
          minmay_temple_entry_drinking_statues, enter_bailey_5, uniq_pikel
D:8:      layout_cave_pools, minmay_fountain_box
D:9:      layout_roguey, nicolae_qazlal_eye_of_the_storm, david_orc_3,
          ebering_ghost_disaster_area, serial_library_regret_index_double_sided,
          uniq_grum
D:10:     layout_loops_ring, hellmonk_lair_entry_icy, uniq_psyche
Temple:   hellmonk_temple_forest_ring
Lair:1:   layout_regular_city, grunt_megastairs_1, uniq_erica
Lair:2:   layout_hall_layers, minmay_swamp_entry_wisps, dreamdust_wasp_nest,
          uniq_fannar

Skill      XL: |  1  2  3  4  5  6  7  8  9 10 11 12 |
---------------+-------------------------------------+-----
Fighting       | 4 5 7 8 9 13 14 | 14.3
Long Blades    | 4 5 6 7 8 10 11 13 15 | 15.4
Armour         | 3 4 5 7 9 11 12 13 | 13.1
Dodging        | 3 4 5 6 7 |  7.4

Action                     |  1- 3 |  4- 6 |  7- 9 | 10-12 || total
---------------------------+-------+-------+-------+-------++-------
  Melee: Falchion          |    80 |   109 |   178 |       ||   367
         Headbutt          |    15 |    11 |    69 |    94 ||   189
         Punch             |       |     1 |     7 |     8 ||    16
         Scimitar          |       |       |   117 |   442 ||   559
  Throw: Stone             |     3 |       |       |       ||     3
         Boomerang         |     5 |     6 |    33 |    10 ||    54
         Dart              |       |     3 |     4 |       ||     7
 Invoke: Berserk           |     2 |     4 |     9 |    14 ||    29
         Trog's Hand       |       |     1 |     5 |     4 ||    10
         Brothers in Arms  |       |       |       |     2 ||     2
    Use: Scroll            |     1 |     5 |     8 |     3 ||    17
         Potion            |       |       |       |     2 ||     2
 Armour: Leather armour    |    26 |       |       |       ||    26
         Animal skin       |     6 |       |       |       ||     6
         Ring mail         |     5 |       |       |       ||     5
         Scale mail        |    29 |    70 |    26 |       ||   125
         Chain mail        |       |       |   210 |   709 ||   919
  Dodge: Dodged            |    65 |    60 |   199 |   315 ||   639
